AoeStats
← pabloms8

Highland

504792859Analyzed
2v2 RM · 26d ago on Sep 6, 2026· 62m 45s· 4 players
Game mode
Random Map
Map size
Medium (4 player)
Population
200
Speed
Normal
Resources
Standard
Victory
Conquest
Starting age
Dark Age
Ending age
Imperial Age
RankedLock teamsTeams togetherTeam positionsShared explorationLock speedFull tech treeHidden civsTurbo modeCheats
Victory
Defeat
🇪🇸 Malians · Spain
808
+14
🇪🇸 Vietnamese · Spain
808
+14
🇩🇰 Huns · Denmark
802
-16
🇪🇸 Mongols · Spain
706
-12
Metrallas
3:44 Loom
9:53 Feudal Age
11:10 Wheelbarrow
10:21 Double-Bit Axe
10:19 Horse Collar
11:09 Town Watch
12:32 Gold Mining
18:40 Castle Age
21:01 Hand Cart
20:59 Bow Saw
21:44 Squires
21:47 Heavy Plow
23:32 Husbandry
23:05 Light Cavalry
24:17 Pikeman
25:58 Bloodlines
29:03 Stone Mining
30:06 Caravan
31:26 Gold Shaft Mining
31:30 Stone Shaft Mining
34:06 Fletching
34:16 Padded Archer Armor
34:24 Scale Barding Armor
38:17 Imperial Age
37:12 Nomads
38:59 Town Patrol
39:34 Conscription
39:17 Capped Ram
40:53 Conscription
41:12 Drill
40:41 Arson
41:15 Siege Ram
43:14 Bodkin Arrow
43:35 Leather Archer Armor
43:30 Forging
43:21 Scale Mail Armor
43:41 Chain Barding Armor
43:17 Hussar
56:17 Parthian Tactics
55:14 Heavy Cavalry Archer
57:34 Elite Skirmisher
59:26 Bracer
LUSK
11:25 Feudal Age
12:39 Double-Bit Axe
19:54 Castle Age
22:21 Wheelbarrow
21:42 Gold Mining
22:49 Stone Mining
23:46 Horse Collar
24:44 Gold Shaft Mining
24:37 Bow Saw
24:35 Husbandry
24:46 Bloodlines
24:59 Heavy Plow
25:35 Scale Barding Armor
25:12 Light Cavalry
27:37 Hand Cart
29:49 Squires
30:06 Caravan
32:08 Ballistics
31:43 Murder Holes
32:54 Masonry
37:38 Marauders
39:09 Chain Barding Armor
39:00 Forging
43:07 Imperial Age
41:32 Iron Casting
40:59 Scale Mail Armor
43:10 Elite Tarkan
45:02 Chemistry
45:10 Two-Man Saw
44:52 Plate Barding Armor
45:18 Blast Furnace
43:45 Cavalier
44:09 Pikeman
47:17 Atheism
46:28 Paladin
47:24 Halberdier
52:06 Capped Ram
55:54 Siege Ram
58:08 Hussar
60:12 Chain Mail Armor
pabloms8
8:17 Loom
11:03 Feudal Age
15:18 Double-Bit Axe
18:14 Castle Age
20:01 Bow Saw
24:22 Elite Skirmisher
29:31 Fletching
31:30 Wheelbarrow
30:48 Town Watch
31:13 Chatras
34:11 Imperial Age
32:11 Ballistics
31:34 Treadmill Crane
31:42 Horse Collar
33:03 Hand Cart
32:58 Thumb Ring
33:07 Gold Mining
33:10 Stone Mining
34:33 Bodkin Arrow
34:39 Padded Archer Armor
35:50 Coinage
35:35 Bracer
35:30 Imperial Skirmisher
36:38 Leather Archer Armor
37:28 Chemistry
36:26 Murder Holes
36:38 Siege Engineers
36:50 Bloodlines
36:41 Husbandry
38:51 Paper Money
39:18 Ring Archer Armor
40:20 Stone Shaft Mining
40:51 Two-Man Saw
39:54 Heavy Plow
40:54 Banking
42:15 Scale Barding Armor
42:19 Elite Fire Lancer
62:09 Chatras
61:31 Elite Rattan Archer
perrusco
4:44 Loom
10:29 Feudal Age
11:39 Double-Bit Axe
13:04 Wheelbarrow
19:35 Castle Age
19:31 Gold Mining
24:09 Bloodlines
24:19 Husbandry
31:40 Imperial Age
33:24 Chemistry
32:55 Cavalier
36:56 Farimba
42:08 Forging
42:03 Scale Barding Armor
42:01 Scale Mail Armor
42:38 Squires
41:58 Pikeman
43:37 Iron Casting
45:58 Chain Barding Armor
45:54 Chain Mail Armor
46:52 Conscription
58:13 Light Cavalry
Connection lost

Rejoining the realm…

Still unreachable

The connection could not be restored.

Session expired

The server has moved on; the page needs a fresh start.